 Dungeon Crawl Stone Soup version 0.30-a0-1163-gf69bf04e7a (webtiles) character file.

Game seed: 16949439672113643362

1337 themarg the Frost Mage (level 8, -1/48 (52) HPs)
             Began as a Merfolk Ice Elementalist on Apr 29, 2023.
             Slain by a wight
             ... wielding a +0 halberd
              (2 damage)
             ... on level 5 of the Dungeon.
             The game lasted 00:16:28 (5796 turns).

themarg the Frost Mage (Merfolk Ice Elementalist)   Turns: 5796, Time: 00:16:29

HP:   -1/48 (52)    AC: 10    Str: 15    XL:     8   Next: 61%
MP:   6/14          EV: 12    Int: 22    God:
Gold: 283           SH:  0    Dex: 14    Spells: 5/16 levels left

rFire   . . .        w - +1 dagger (venom)
rCold   . . .        (no shield)
rNeg    . . .        a - +0 robe
rPois   .            (no helmet)
rElec   .            (no cloak)
rCorr   .            (no gloves)
SInv    .            (no boots)
Will    .....        (no amulet)
Stlth   ++           i - +6 ring of strength
HPRegen 0.28/turn    p - +6 ring of intelligence
MPRegen 0.14/turn

%: no passive effects
@: ice-armoured, freezing walls, drained
A: (nimble swimmer 2), mertail
a: no special abilities


You were on level 5 of the Dungeon.
You visited 1 branch of the dungeon, and saw 5 of its levels.

You collected 283 gold pieces.

Inventory:

Hand Weapons
 s - a +0 spear
 w - a +1 dagger of venom (weapon)
Missiles
 g - 56 stones
 r - 17 poisoned darts
 t - 3 boomerangs
Armour
 a - a +0 robe (worn)
Jewellery
 e - a +6 ring of dexterity
 i - a +6 ring of strength (left hand)
 p - a +6 ring of intelligence (right hand)
Scrolls
 c - 2 scrolls of silence
 h - 3 scrolls of noise
 j - a scroll of enchant armour
 m - a scroll of torment
 o - a scroll of amnesia
 q - a scroll of enchant weapon {unknown}
 u - a scroll of brand weapon {unknown}
 v - a scroll of fog {unknown}
Potions
 d - 2 potions of heal wounds
 f - 2 potions of curing
 k - 2 potions of attraction
 l - a potion of invisibility
 n - 2 potions of resistance
 x - 2 potions of haste
 z - a potion of berserk rage {unknown}
 A - a potion of degeneration {unknown}


   Skills:
 - Level 2.6 Dodging
 - Level 2.1 Stealth
 + Level 4.5 Spellcasting
 - Level 4.0 Summonings
 - Level 10.0 Ice Magic


You had 5 spell levels left.
You knew the following spells:

 Your Spells              Type           Power      Damage    Failure   Level
a - Freeze                Ice            100%       1d10      1%          1
b - Frozen Ramparts       Ice            96%        1d15      1%          3
c - Ozocubu's Armour      Ice            48%        N/A       1%          3
d - Summon Ice Beast      Ice/Summ       35%        N/A       6%          4

Your spell library contained the following spells:

 Spells                   Type           Power      Damage    Failure   Level
 Summon Small Mammal      Summ           88%        N/A       1%          1
 Call Imp                 Summ           44%        N/A       3%          2
 Call Canine Familiar     Summ           22%        N/A       6%          3
 Magic Dart               Conj           16%        1d3       11%         1
 Sting                    Tmut/Pois      16%        1d3       11%         1
 Summon Guardian Golem    Hex/Summ       13%        N/A       14%         3
 Cigotuvi's Dreadful Rot  Necr/Pois/Air  8%         N/A       16%         2
 Poisonous Vapours        Pois/Air       8%         N/A       16%         2
 Searing Ray              Conj           8%         2d4       16%         2
 Sublimation of Blood     Necr           4%         N/A       16%         2
 Ignite Poison            Fire/Tmut/Pois 4%         N/A       32%         3
 Mephitic Cloud           Conj/Pois/Air  4%         N/A       32%         3
 Freezing Cloud           Conj/Ice/Air   9%         6-21      58%         5
 Fulminant Prism          Conj/Hex       2%         3d5       71%         4
 Olgreb's Toxic Radiance  Pois           4%         N/A       71%         4
 Petrify                  Tmut/Erth      4%         N/A       71%         4
 Irradiate                Conj/Tmut      2%         3d12      96%         5
 Ozocubu's Refrigeration  Ice            24%        4d12      83%         7


Dungeon Overview and Level Annotations

Branches:
Dungeon (5/15)
 Temple: D:4-7

Altars:
Okawaru
Ru
Yredelemnul
The Shining One


Innate Abilities, Weirdness & Mutations

((You are very nimble when in or above water. (Stealth+, EV+, Speed+++)))
Your lower body shifts to a powerful aquatic tail in water.


Message History

* * * LOW HITPOINT WARNING * * *
The white imp freezes you.
* * * LOW HITPOINT WARNING * * *
The wight completely resists.
The wall freezes the wight but does no damage.
The wight misses you.
The wall freezes the wight but does no damage.
You hit the white imp but do no damage.
The white imp is moderately wounded.
The white imp resists.
The wall freezes the white imp.
The white imp hits you but does no damage.
The wight completely resists.
The wall freezes the wight but does no damage.
The wight closely misses you.
The wight completely resists.
The wall freezes the wight but does no damage.
You hit the white imp.
The white imp is heavily wounded.
The white imp completely resists.
The wall freezes the white imp but does no damage.
The white imp misses you.
The wight completely resists.
The wall freezes the wight but does no damage.
The wight hits you but does no damage.
The wall freezes the wight but does no damage.
You hit the white imp but do no damage.
The white imp is heavily wounded.
The white imp resists.
The wall freezes the white imp.
The white imp hits you but does no damage.
The wight completely resists.
The wall freezes the wight but does no damage.
The wight closely misses you.
The wall freezes the wight but does no damage.
You barely miss the white imp.
The white imp is heavily wounded.
The white imp resists.
The wall freezes the white imp.
The white imp hits you but does no damage.
The wight resists.
The wall freezes the wight.
The wight hits you from afar with a +0 halberd!
* * * LOW HITPOINT WARNING * * *
You feel drained.
You die...

#.# #.# #.#. #.###.# #...
#>....# #.#. #####.#####.#.
########## #.......#.
###...##...## #####.##..
....#.#.....###### #.........
.##...#.....)zz.Y# #.#####..#
.##.........####@# # #.......
.##...##...## #5# .#...#..#
.########### #)# #.#...#..#
.# #.# #.....<... ## ###.####
###...#### #### ####......#
#...# #....
#......##.######[..####
#....)#.##.#.##.....>.<......
##
#....[)†...#.................


You could see 2 wights, a white imp (ally target) and a friendly ice beast
(summoned).

Vanquished Creatures
  Menkaure (D:4)
  Edmund (D:4)
  A water moccasin (D:5)
  2 ogres (D:4)
  A kobold brigand (D:4)
  2 scorpions
  2 wights (D:5)
  A gnoll bouda (D:4)
  An orc priest (D:5)
  4 orc wizards
  4 adders
  10 gnolls
  2 ufetubi (D:4)
  A worm (D:2)
  3 dart slugs
  21 orcs
  6 ball pythons (D:1)
  3 bats
  8 endoplasms
  2 giant cockroaches
  5 goblins
  5 hobgoblins
  3 jackals (D:1)
  5 kobolds
  3 quokkas
  4 frilled lizards (D:1)
  6 rats
107 creatures vanquished.

Vanquished Creatures (collateral kills)
  A gnoll bouda (D:5)
  An iguana (D:5)
  2 orc priests (D:5)
  2 gnolls (D:5)
  A dart slug (D:5)
7 creatures vanquished.

Vanquished Creatures (others)
  An orc (D:3)
1 creature vanquished.

Grand Total: 115 creatures vanquished

Notes
Turn   | Place    | Note
-------+----------+-------------------------------------------
     0 | D:1      | themarg the Merfolk Ice Elementalist began the quest for
                  | the Orb.
     0 | D:1      | Reached XP level 1. HP: 13/13 MP: 3/3
   202 | D:1      | Reached XP level 2. HP: 18/19 MP: 0/5
   266 | D:1      | Reached skill level 5 in Ice Magic
   570 | D:1      | Reached XP level 3. HP: 21/24 MP: 1/6
   622 | D:1      | Learned a level 3 spell: Frozen Ramparts
   840 | D:1      | Found a faded altar of an unknown god.
  2515 | D:3      | Reached skill level 6 in Ice Magic
  2620 | D:3      | Reached XP level 4. HP: 30/30 MP: 2/7
  2935 | D:3      | Reached XP level 5. HP: 35/35 MP: 4/8
  2937 | D:3      | Reached skill level 7 in Ice Magic
  3098 | D:3      | Found a basalt altar of Yredelemnul.
  3130 | D:3      | Noticed a profane servitor
  3197 | D:3      | Found an iron altar of Okawaru.
  3197 | D:3      | Found a sacrificial altar of Ru.
  3351 | D:3      | Found a glowing golden altar of the Shining One.
  3353 | D:3      | Noticed an angel
  3663 | D:4      | You fall into a shaft and drop 1 floor!
  3663 | D:5      | Entered Level 5 of the Dungeon
  3694 | D:5      | Reached XP level 6. HP: 41/41 MP: 2/9
  3930 | D:4      | Reached skill level 8 in Ice Magic
  4297 | D:4      | Reached skill level 9 in Ice Magic
  4297 | D:4      | Reached XP level 7. HP: 18/46 MP: 2/10
  4477 | D:4      | Noticed Edmund
  4512 | D:4      | Killed Edmund
  4676 | D:3      | Learned a level 3 spell: Ozocubu's Armour
  4789 | D:4      | Noticed Menkaure
  4944 | D:4      | Reached skill level 1 in Summonings
  5030 | D:4      | Killed Menkaure
  5031 | D:4      | Reached skill level 10 in Ice Magic
  5125 | D:4      | Learned a level 4 spell: Summon Ice Beast
  5144 | D:4      | Reached XP level 8. HP: 39/52 MP: 4/12
  5796 | D:5      | HP: 1/50 [wight/+0 halberd (11)]
  5796 | D:5      | Slain by a wight

Illustrated notes

Levels and vault maps discovered:
D:1:      dpeg_arrival_simpleton_b, layout_loops_ring,
          dreamdust_ecumenical_altar_hidden_monk_grotto
D:2:      layout_basic
D:3:      layout_loops_cross, grunt_temple_overflow_holy_war,
          jmf_multi_god_temple, minivault_25
D:4:      layout_basic, uniq_menkaure, uniq_edmund
D:5:      layout_loops_cross, minmay_temple_entry_stoned_glass,
          uniq_blork_the_orc

Skill      XL: |  1  2  3  4  5  6  7  8 |
---------------+-------------------------+-----
Ice Magic      | 5 6 7 9 10 | 10.0
Summonings     | 2 4 |  4.0
Spellcasting   | 3 4 |  4.5
Dodging        | |  2.6
Stealth        | |  2.1

Action                     |  1- 3 |  4- 6 |  7- 9 || total
---------------------------+-------+-------+-------++-------
  Melee: Short sword       |    14 |    13 |       ||    27
         Spear             |       |    10 |     6 ||    16
         Dagger            |       |     1 |    30 ||    31
         Punch             |       |     1 |       ||     1
   Cast: Freeze            |    53 |    20 |    13 ||    86
         Frozen Ramparts   |     3 |    20 |    18 ||    41
         Summon Ice Beast  |       |       |    10 ||    10
         Ozocubu's Armour  |       |       |     2 ||     2
    Use: Scroll            |       |       |    10 ||    10
         Potion            |       |       |     2 ||     2
 Armour: Robe              |     8 |     2 |    10 ||    20
  Dodge: Dodged            |    35 |    27 |    35 ||    97

Table legend: (Time is in decaauts)
 A = Elapsed time spent in this place.
 B = Non-inter-level travel time spent in this place.
 C = Inter-level travel time spent in this place.
 D = Time resting spent in this place.
 E = Time spent auto-exploring this place.
 F = Levels seen in this place.
 G = Mean time per level.
                   A        B        C        D        E       F      G
               +--------+--------+--------+--------+--------+-----+--------+
         Total |   5794 |   5625 |    169 |    626 |   4036 |   5 | 1158.8 |
       Dungeon |   5794 |   5625 |    169 |    626 |   4036 |   5 | 1158.8 |
               +--------+--------+--------+--------+--------+-----+--------+

Top non-repeatable levels by time:
     D:4: 1438 daAuts
     D:3: 1373 daAuts
     D:2: 1310 daAuts
     D:1: 1133 daAuts
     D:5: 538 daAuts
